 Dungeon Crawl Stone Soup version 0.30.0 (webtiles) character file.

Game seed: 16807305571962560513

9 Garbo the Trooper (level 2, 0/26 HPs)
             Began as a Draconian Berserker on Jan 11, 2024.
             Was a Follower of Trog.
             Splashed by a jelly's acid (5 damage)
             ... on level 4 of the Dungeon.
             The game lasted 00:07:37 (517 turns).

Garbo the Trooper (Draconian Berserker)              Turns: 517, Time: 00:07:38

Health: 0/26       AC: -4    Str: 19    XL:     2   Next: 3%
Magic:  2/2        EV: 12    Int:  7    God:    Trog [*.....]
Gold:   41         SH:  0    Dex: 10    Spells: 1/1 levels left

rFire   . . .        i - +2 short sword (chaos)
rCold   . . .        (no shield)
rNeg    . . .        (body armour unavailable)
rPois   .            (helmet restricted)
rElec   .            (no cloak)
rCorr   .            (no gloves)
SInv    .            (no boots)
Will    .....        (no amulet)
Stlth   +            (no ring)
HPRegen 0.24/turn    (no ring)
MPRegen 0.08/turn

%: no passive effects
@: corroded
A: AC +4, unfitting armour, cold-blooded
a: Renounce Religion, Berserk


You were on level 4 of the Dungeon.
You worshipped Trog.
Trog was aware of your devotion.
You visited 1 branch of the dungeon, and saw 4 of its levels.

You collected 41 gold pieces.

Inventory:

Hand Weapons
 a - a +0 falchion
 f - a +0 short sword of venom
 i - a +2 short sword of chaos (weapon)
 j - a +0 whip of chaos
 k - a +2 short sword of chaos
Missiles
 l - 8 poisoned darts (quivered)
Armour
 d - a +0 ring mail
 m - a +0 robe
Scrolls
 b - a scroll of enchant weapon {unknown}
 c - a scroll of fog {unknown}
 e - a scroll of teleportation {unknown}
 g - a scroll of magic mapping {unknown}
 h - a scroll of blinking {unknown}
 o - a scroll of identify {unknown}
Potions
 n - a potion of attraction {unknown}


   Skills:
 + Level 3.4 Fighting
 + Level 3.2 Long Blades
 + Level 2.9 Dodging


You had one spell level left.
You didn't know any spells.
Your spell library was empty.

Dungeon Overview and Level Annotations

Branches:
Dungeon (4/15)
 Temple: D:4-7

Altars:
Gozag
Xom


Innate Abilities, Weirdness & Mutations

Your plain brown scales are hard. (AC +4)
You cannot fit into any form of body armour.
You are cold-blooded and may be slowed by cold attacks.


Message History

The kobold hits you with a +0 short sword.
You hit the kobold. You burn the kobold.
You kill the kobold!
Trog accepts your kill.
You see here a +0 short sword.
You hear the rusting of a distant drain.
Found a stone staircase leading down.
There is a stone staircase leading down here.
Unknown command.
You climb downwards.
You hear the hiss of flowing sand.
There is an entrance to an ossuary on this level.
Hurry and find it before the portal is buried!
There is a stone staircase leading up here.
A jelly comes into view.
The jelly closely misses you.
You hit the jelly.
The jelly is moving more slowly.
Your hands burn!
The jelly is lightly wounded.
You catch the helpless jelly completely off-guard!
You puncture the jelly!
The jelly suddenly seems more agile.
Your hands burn!
The jelly is heavily wounded.
The jelly closely misses you.
You hit the jelly.
The jelly is poisoned.
Your hands burn!
The jelly is heavily wounded.
The jelly stops moving altogether!
The helpless jelly fails to defend itself.
You hit the jelly.
The jelly appears confused.
The acid corrodes you!
Your hands burn!
The jelly is severely wounded.
The helpless jelly fails to defend itself.
You hit the jelly. The acid corrodes you!
Your hands burn!
The jelly is severely wounded.
You are too injured to fight recklessly!
You are too injured to fight recklessly!
The helpless jelly fails to defend itself.
You hit the jelly.
Your hands burn!
* * * LOW HITPOINT WARNING * * *
The jelly is almost dead.
The helpless jelly fails to defend itself.
You hit the jelly.
Your hands burn!
You die...

#################
#.....<.........#
#...............#
#..........@J...+
#......##......##
#......#########
########


You could see a jelly (agile, petrified, confused, very poisoned).

Vanquished Creatures
  An endoplasm (D:3)
  A quokka (D:3)
  A bat (D:2)
  6 kobolds
9 creatures vanquished.

Notes
Turn   | Place    | Note
-------+----------+-------------------------------------------
     0 | D:1      | Garbo the Draconian Berserker began the quest for the Orb.
     0 | D:1      | Reached XP level 1. HP: 19/19 MP: 1/1
    98 | D:2      | Found an opulent altar of Gozag.
   266 | D:3      | Found a large runed translucent door.
   266 | D:3      | Found a large runed translucent door.
   266 | D:3      | Found a shimmering altar of Xom.
   447 | D:3      | Reached XP level 2. HP: 26/26 MP: 2/2
   517 | D:4      | Splashed by a jelly's acid

Illustrated notes

Levels and vault maps discovered:
D:1:      dpeg_arrival_orchard, layout_basic, ebering_ecumenical_altar_mist,
          serial_shops, nicolae_shop_just_a_little_nook,
          minmay_misc_feat_nine_boxes, wad_floor_pattern_untrapped,
          hangedman_glass_garden
D:2:      layout_loops_cross, basic_altar
D:3:      due_chaos_kobolds, layout_basic, portal_sewer_entry_d
D:4:      layout_gridville, mainiacjoe_overflow_surrounded_room,
          chequers_ossuary_entry_cave, minivault_24, uniq_crazy_yiuf_cottage

Action                     || total
---------------------------++-------
  Melee: Short sword       ||    25
         Falchion          ||     4
         Tailslap          ||     4
         Punch             ||     1
 Invoke: Berserk           ||     3
   Stab: Petrified         ||     4
         Petrifying        ||     1
 Armour: Skin              ||     4
  Dodge: Dodged            ||    20
